 Dungeon Crawl Stone Soup version 0.21.0-37-g46506fa (webtiles) character file.

2018 amyqute the Skirmisher (level 9, -2/73 HPs)
             Began as a Gnoll Abyssal Knight on Feb 1, 2018.
             Was an Elder of Lugonu.
             Slain by an orc warrior
             ... wielding a +0 war axe
              (5 damage)
             ... on level 6 of the Dungeon.
             The game lasted 00:11:07 (5642 turns).

amyqute the Skirmisher (Gnoll Abyssal Knight)       Turns: 5642, Time: 00:11:08

Health: -2/73      AC:  9    Str: 19    XL:     9   Next: 23%
Magic:  14/15      EV: 15    Int: 14    God:    Lugonu [****..]
Gold:   337        SH:  0    Dex: 17    Spells: 16/16 levels left

rFire    . . .     SeeInvis .   K - +1 war axe (elec)
rCold    . . .     Gourm    .   (no shield)
rNeg     . . .     Faith    .   M - +3 leather armour {rPois}
rPois    +         Spirit   .   (no helmet)
rElec    .         Reflect  .   u - +1 cloak {+Inv}
rCorr    .         Harm     .   (no gloves)
MR       .....                  (no boots)
Stlth    +++.......             (no amulet)
HPRegen  0.22/turn              q - +3 ring of dexterity
MPRegen  0.14/turn              w - ring of flight

@: no status effects
A: distributed training, fangs 1, strong nose
a: Depart the Abyss, Bend Space, Banish, Corrupt, Renounce Religion, Evoke
Invisibility, Evoke Flight


You were on level 6 of the Dungeon.
You worshipped Lugonu.
Lugonu was greatly pleased with you.
You were not hungry.

You visited 1 branch of the dungeon, and saw 6 of its levels.
You visited the Abyss 1 time.
You also visited: Ossuary.

You collected 337 gold pieces.

Inventory:

Hand Weapons
 a - a +1 hand axe
 d - a +4 quarterstaff of chaos
 e - a +1 vampiric scythe
 f - the +1 scimitar of Saltpetre {antimagic, MP+9 Stlth+}
   (You found it on level 2 of the Abyss)

   It reduces the magical energy of the wielder, and disrupts the spells and
   magical abilities of those hit.
   Natural abilities and divine invocations are not affected.
   It affects your magic capacity (+9).
   It makes you more stealthy.
 x - a +0 hand crossbow
 K - a +1 war axe of electrocution (weapon)
Missiles
 A - 24 sling bullets
 B - 61 bolts
Armour
 p - a +0 scale mail
 u - a +1 cloak of invisibility (worn)
 M - a +3 leather armour of poison resistance (worn)
Magical Staves
 s - an uncursed staff of air {unknown}
Jewellery
 j - an uncursed ring of poison resistance {unknown}
 q - a +3 ring of dexterity (left hand)
 t - an uncursed ring of fire
 w - a ring of flight (right hand)
Wands
 I - a wand of flame (27)
 L - a wand of disintegration (17)
Scrolls
 h - 4 scrolls of magic mapping
 i - 2 scrolls of teleportation
 k - 5 scrolls of fog
 l - 3 scrolls of identify
 v - a scroll of remove curse
 y - a scroll of enchant armour {unknown}
 C - a scroll of immolation {unknown}
 D - a scroll of enchant weapon {unknown}
 E - a scroll of holy word {unknown}
Potions
 n - 2 potions of degeneration {unknown}
 o - a potion of ambrosia {unknown}
 r - 2 potions of magic
 z - 2 potions of brilliance
 F - 5 potions of curing
 G - a potion of flight
 H - a potion of heal wounds
Comestibles
 b - 4 chunks of flesh
 c - 12 rations


   Skills:
 + Level 7.7 Fighting
 + Level 4.0 Short Blades
 + Level 4.0 Long Blades
 + Level 6.1 Axes
 + Level 4.0 Maces & Flails
 + Level 4.0 Polearms
 + Level 4.0 Staves
 + Level 4.0 Slings
 + Level 4.0 Bows
 + Level 4.0 Crossbows
 + Level 4.0 Throwing
 + Level 6.1 Armour
 + Level 4.8 Dodging
 + Level 4.0 Stealth
 + Level 4.0 Shields
 + Level 4.0 Unarmed Combat
 + Level 4.0 Spellcasting
 + Level 3.2 Conjurations
 + Level 3.2 Hexes
 + Level 3.2 Charms
 + Level 3.2 Summonings
 + Level 3.2 Necromancy
 + Level 3.2 Translocations
 + Level 3.2 Transmutations
 + Level 3.2 Fire Magic
 + Level 3.2 Ice Magic
 + Level 3.2 Air Magic
 + Level 3.2 Earth Magic
 + Level 3.2 Poison Magic
 + Level 6.4 Invocations
 + Level 4.0 Evocations


You had 16 spell levels left.
You didn't know any spells.

Dungeon Overview and Level Annotations

Branches:
Dungeon (6/15)             Temple (0/1) D:6

Altars:
Ashenzari
Cheibriados
Dithmenos
Elyvilon
Hepliaklqana
Qazlal
Ru
Trog
Xom
Yredelemnul
The Shining One

Annotations:
D:6 Menkaure


Innate Abilities, Weirdness & Mutations

Your experience applies equally to all skills.
You have very sharp teeth.
Your uncanny sense of smell can sniff out nearby items.


Message History

The orc hits you but does no damage.
You slash the orc priest!
You kill the orc priest!
Lugonu accepts your kill.
Your Short Blades skill increases to level 4!
Your Long Blades skill increases to level 4!
Your Maces & Flails skill increases to level 4!
Your Polearms skill increases to level 4!
Your Staves skill increases to level 4!
Your Slings skill increases to level 4!
Your Bows skill increases to level 4!
Your Crossbows skill increases to level 4!
Your Throwing skill increases to level 4!
Your Stealth skill increases to level 4!
Your Shields skill increases to level 4!
Your Unarmed Combat skill increases to level 4!
Your Spellcasting skill increases to level 4!
Your Evocations skill increases to level 4!
You closely miss the orc. You closely miss the orc warrior.
The orc warrior hits you with a war axe.
You die...

.... ...##
##...##
##.....##
#.##.......##
##.#.........###
.......o)....'..
......o@.....#
....#..))...## #
##.....## ∆
##...## ##'##
#.# #.#
##.######
##...#...


You could see an orc warrior and an orc.

Vanquished Creatures
  Grinder (D:4)
  Sigmund (D:4)
  A steam dragon (D:4)
  Duvessa (D:6)
  2 phantoms (D:5)
  An ice beast (D:3)
  2 ogres
  2 elf zombies (Ossuary)
  A bullfrog (D:2)
  Dowan (D:6)
  A howler monkey (D:4)
  2 centaur zombies (D:5)
  2 jellies
  2 human zombies (Ossuary)
  2 orc priests (D:6)
  Crazy Yiuf (D:2)
  2 orc wizards (D:6)
  2 worker ants (D:5)
  A big kobold zombie (Ossuary)
  4 hound zombies (Ossuary)
  2 hound skeletons (D:5)
  3 mummies (Ossuary)
  A gnoll (D:6)
  3 adders
  A shadow imp (D:5)
  6 worms
  2 adder zombies (Ossuary)
  3 dart slugs
  4 leopard geckos
  20 orcs
  6 bats
  5 giant cockroaches
  3 gnoll zombies (Ossuary)
  A goblin (D:1)
  12 hobgoblins
  8 jackals
  10 kobolds
  A quokka (D:3)
  5 frilled lizards
  2 goblin zombies (Ossuary)
  7 hobgoblin zombies (Ossuary)
  3 jackal zombies (Ossuary)
  3 kobold zombies (Ossuary)
  2 quokka zombies (Ossuary)
  10 rats
  4 rat zombies (Ossuary)
  A spectral orc (D:4)
160 creatures vanquished.

Notes
Turn   | Place    | Note
-------+----------+-------------------------------------------
     0 | Abyss:1  | amyqute the Gnoll Abyssal Knight began the quest for the Orb.
     0 | Abyss:1  | Reached XP level 1. HP: 23/23 MP: 3/3
    51 | Abyss:1  | Found a corrupted altar of Lugonu.
   108 | Abyss:1  | Noticed a starcursed mass
   110 | Abyss:1  | Noticed a great orb of eyes
   122 | Abyss:2  | Got a shimmering scimitar
   123 | Abyss:2  | Identified the +1 scimitar of Saltpetre {antimagic, MP+9 Stlth+} (You found it on level 2 of the Abyss)
   137 | Abyss:2  | Found a sacrificial altar of Ru.
   190 | Abyss:2  | Noticed a large abomination
   191 | D:1      | Escaped the Abyss
   308 | D:1      | Reached * piety under Lugonu
   310 | D:1      | Reached XP level 2. HP: 29/29 MP: 4/5
   814 | D:2      | Reached XP level 3. HP: 30/35 MP: 5/6
  1202 | D:2      | Reached skill level 1 in Short Blades
  1202 | D:2      | Reached skill level 1 in Long Blades
  1202 | D:2      | Reached skill level 1 in Maces & Flails
  1202 | D:2      | Reached skill level 1 in Polearms
  1202 | D:2      | Reached skill level 1 in Staves
  1202 | D:2      | Reached skill level 1 in Slings
  1202 | D:2      | Reached skill level 1 in Bows
  1202 | D:2      | Reached skill level 1 in Crossbows
  1202 | D:2      | Reached skill level 1 in Throwing
  1202 | D:2      | Reached skill level 1 in Stealth
  1202 | D:2      | Reached skill level 1 in Shields
  1202 | D:2      | Reached skill level 1 in Unarmed Combat
  1202 | D:2      | Reached skill level 1 in Spellcasting
  1202 | D:2      | Reached skill level 1 in Evocations
  1226 | D:2      | Reached XP level 4. HP: 36/41 MP: 5/7
  1369 | D:2      | Found a white marble altar of Elyvilon.
  1373 | D:2      | Found a shimmering altar of Xom.
  1404 | D:2      | Found a runed door.
  1663 | D:2      | Noticed a bullfrog
  1668 | D:2      | Killed a bullfrog
  1668 | D:2      | Reached skill level 1 in Conjurations
  1668 | D:2      | Reached skill level 1 in Hexes
  1668 | D:2      | Reached skill level 1 in Charms
  1668 | D:2      | Reached skill level 1 in Summonings
  1668 | D:2      | Reached skill level 1 in Necromancy
  1668 | D:2      | Reached skill level 1 in Translocations
  1668 | D:2      | Reached skill level 1 in Transmutations
  1668 | D:2      | Reached skill level 1 in Fire Magic
  1668 | D:2      | Reached skill level 1 in Ice Magic
  1668 | D:2      | Reached skill level 1 in Air Magic
  1668 | D:2      | Reached skill level 1 in Earth Magic
  1668 | D:2      | Reached skill level 1 in Poison Magic
  1668 | D:2      | Reached XP level 5. HP: 35/47 MP: 5/8
  1676 | D:2      | Reached ** piety under Lugonu
  2033 | D:2      | Noticed Crazy Yiuf
  2038 | D:2      | Killed Crazy Yiuf
  2200 | D:3      | Found a hazy altar of Hepliaklqana.
  2208 | D:3      | Found a shattered altar of Ashenzari.
  2208 | D:3      | Found a bloodstained altar of Trog.
  2208 | D:3      | Noticed an ice beast
  2218 | D:3      | Killed an ice beast
  2218 | D:3      | Reached skill level 5 in Invocations
  2218 | D:3      | Reached XP level 6. HP: 51/53 MP: 9/9
  2230 | D:3      | Found a stormy altar of Qazlal.
  2233 | D:3      | Found a glowing golden altar of the Shining One.
  2521 | D:3      | Reached skill level 5 in Axes
  2521 | D:3      | Reached skill level 5 in Armour
  2759 | D:4      | Found a snail-covered altar of Cheibriados.
  2785 | D:4      | Noticed Sigmund
  2826 | D:4      | Killed Sigmund
  2826 | D:4      | Reached skill level 7 in Fighting
  2826 | D:4      | Reached XP level 7. HP: 60/60 MP: 6/10
  2887 | D:4      | Found a shadowy altar of Dithmenos.
  2957 | D:4      | Noticed a steam dragon
  2957 | D:4      | a worker ant changed into a steam dragon
  2960 | D:4      | Killed a steam dragon
  3030 | D:4      | Noticed Grinder
  3036 | D:4      | Paralysed by Grinder for 7 turns
  3045 | D:4      | Killed Grinder
  3045 | D:4      | Reached XP level 8. HP: 36/67 MP: 12/12
  3226 | D:4      | Reached *** piety under Lugonu
  3505 | D:4      | Found a basalt altar of Yredelemnul.
  3730 | D:5      | Entered Level 5 of the Dungeon
  3862 | D:5      | Found a sand-covered staircase.
  3890 | Ossuary  | Entered an ossuary
  4052 | Ossuary  | Reached **** piety under Lugonu
  4766 | D:5      | Found a sacrificial altar of Ru.
  4861 | D:5      | Reached XP level 9. HP: 53/72 MP: 14/14
  4969 | D:6      | Noticed Dowan
  4970 | D:6      | Noticed Duvessa
  5137 | D:6      | Killed Duvessa
  5140 | D:6      | Killed Dowan
  5210 | D:6      | Noticed Menkaure
  5578 | D:6      | Found a staircase to the Ecumenical Temple.
  5640 | D:6      | HP: 3/73 [orc warrior/war axe (22)]
  5642 | D:6      | Slain by an orc warrior

Skill      XL: |  1  2  3  4  5  6  7  8  9 |
---------------+----------------------------+-----
Short Blades   | 1 2 3 4 |  4.0
Long Blades    | 1 2 3 4 |  4.0
Maces & Flails | 1 2 3 4 |  4.0
Polearms       | 1 2 3 4 |  4.0
Staves         | 1 2 3 4 |  4.0
Slings         | 1 2 3 4 |  4.0
Bows           | 1 2 3 4 |  4.0
Crossbows      | 1 2 3 4 |  4.0
Throwing       | 1 2 3 4 |  4.0
Stealth        | 1 2 3 4 |  4.0
Shields        | 1 2 3 4 |  4.0
Unarmed Combat | 1 2 3 4 |  4.0
Spellcasting   | 1 2 3 4 |  4.0
Evocations     | 1 2 3 4 |  4.0
Conjurations   | 1 2 3 |  3.2
Hexes          | 1 2 3 |  3.2
Charms         | 1 2 3 |  3.2
Summonings     | 1 2 3 |  3.2
Necromancy     | 1 2 3 |  3.2
Translocations | 1 2 3 |  3.2
Transmutations | 1 2 3 |  3.2
Fire Magic     | 1 2 3 |  3.2
Ice Magic      | 1 2 3 |  3.2
Air Magic      | 1 2 3 |  3.2
Earth Magic    | 1 2 3 |  3.2
Poison Magic   | 1 2 3 |  3.2
Dodging        | 3 4 |  4.8
Invocations    | 5 6 |  6.4
Axes           | 5 6 |  6.1
Armour         | 5 6 |  6.1
Fighting       | 7 |  7.7

Action                   |  1- 3 |  4- 6 |  7- 9 || total
-------------------------+-------+-------+-------++-------
Melee: Scimitar          |    80 |    81 |       ||   161
       Bite              |    10 |    12 |    40 ||    62
       Quarterstaff      |       |    51 |   220 ||   271
       War axe           |       |       |    38 ||    38
 Fire: Hand crossbow     |       |     2 |     7 ||     9
Throw: Throwing net      |       |     1 |       ||     1
Invok: Depart the Abyss  |     1 |       |       ||     1
  Use: Scroll            |       |     5 |     2 ||     7
       Potion            |       |     5 |       ||     5
 Stab: Sleeping          |     2 |    10 |       ||    12
       Distracted        |       |     1 |       ||     1
       Confused          |       |       |     2 ||     2
       Petrified         |       |       |     7 ||     7
       Paralysed         |       |       |     1 ||     1
  Eat: Chunk             |     1 |     5 |     6 ||    12
       Ration            |       |       |     1 ||     1
Armor: Ring mail         |    44 |    46 |     3 ||    93
       Skin              |       |    13 |       ||    13
       Scale mail        |       |       |    68 ||    68
       Leather armour    |       |       |    17 ||    17
Dodge: Dodged            |    70 |    69 |   133 ||   272
       Rpst.: Scimitar   |    26 |    13 |       ||    39
